 Dungeon Crawl Stone Soup version 0.30-a0-953-g5f1da4a474 (webtiles) character file.

Game seed: 4506024532384455934

881 qeuew the Ducker (level 8, -1/67 HPs)
             Began as a Gnoll Monk on Mar 28, 2023.
             Was a Priest of Nemelex Xobeh.
             Slain by a gnoll
             ... wielding a +0 spear
             ... led by a gnoll bouda
              (7 damage)
             ... on level 5 of the Dungeon.
             The game lasted 00:04:53 (4955 turns).

qeuew the Ducker (Gnoll Monk)                       Turns: 4955, Time: 00:04:54

Health: -1/67      AC:  5    Str: 11    XL:     8   Next: 5%
Magic:  12/12      EV: 14    Int:  9    God:    Nemelex Xobeh [***...]
Gold:   231        SH:  0    Dex: 17    Spells: 13/13 levels left

rFire   . . .      SeeInvis .    a - +0 falchion
rCold   . . .      Faith    .    (no shield)
rNeg    . . .      Spirit   .    j - +0 ring mail
rPois   .          Reflect  .    (no helmet)
rElec   .          Rampage  .    (no cloak)
rCorr   .                        (no gloves)
Will    .....                    (no boots)
Stlth   +                        (no amulet)
HPRegen 0.31/turn                (no ring)
MPRegen 0.13/turn                (no ring)

@: confused, ambrosia-drunk, studying Axes
A: fangs 1, strong nose, distributed training
a: Renounce Religion, Draw Escape, Draw Destruction, Draw Summoning, Triple Draw


You were on level 5 of the Dungeon.
You worshipped Nemelex Xobeh.
Nemelex Xobeh was most pleased with you.
You visited 2 branches of the dungeon, and saw 6 of its levels.

You collected 231 gold pieces.

Inventory:

Hand Weapons
 a - a +0 falchion (weapon)
Armour
 j - a +0 ring mail (worn)
Wands
 h - a wand of quicksilver (5)
 i - a wand of flame (6)
Scrolls
 b - 2 scrolls of blinking
 d - 4 scrolls of teleportation
 e - a scroll of immolation {unknown}
 f - 2 scrolls of magic mapping
 g - a scroll of enchant armour
Potions
 c - 2 potions of ambrosia
 l - a potion of haste
 m - 2 potions of brilliance


   Skills:
 + Level 7.2 Fighting
 + Level 3.0 Short Blades
 + Level 7.2 Long Blades
 + Level 4.4 Axes
 + Level 3.0 Maces & Flails
 + Level 3.0 Polearms
 + Level 3.0 Staves
 + Level 3.0 Ranged Weapons
 + Level 3.0 Throwing
 + Level 3.0 Armour
 + Level 7.2 Dodging
 + Level 5.2 Stealth
 + Level 3.0 Shields
 + Level 3.0 Unarmed Combat
 + Level 3.0 Spellcasting
 + Level 2.4 Conjurations
 + Level 2.4 Hexes
 + Level 2.4 Summonings
 + Level 2.4 Necromancy
 + Level 2.4 Translocations
 + Level 2.4 Transmutations
 + Level 2.4 Fire Magic
 + Level 2.4 Ice Magic
 + Level 2.4 Air Magic
 + Level 2.4 Earth Magic
 + Level 2.4 Poison Magic
 + Level 3.3 Invocations
 + Level 3.0 Evocations


You had 13 spell levels left.
You didn't know any spells.
Your spell library contained the following spells:

 Spells                   Type           Power      Damage    Failure   Level
 Lesser Beckoning         Tloc           10%        N/A       36%         2
 Gell's Gravitas          Tloc           5%         N/A       58%         3
 Teleport Other           Tloc           5%         N/A       58%         3


Dungeon Overview and Level Annotations

Branches:
Dungeon (5/15)             Temple (1/1) D:4

Altars:
Ashenzari
Cheibriados
Dithmenos
Fedhas
Gozag
Hepliaklqana
Kikubaaqudgha
Makhleb
Nemelex Xobeh
Okawaru
Sif Muna
Uskayaw
Wu Jian
Xom
Yredelemnul
Zin

Shops:
D:1 (


Innate Abilities, Weirdness & Mutations

You have very sharp teeth.
Your uncanny sense of smell can sniff out nearby items.
Your experience applies equally to all skills.


Message History

You feel as though you will be weak longer.
The gnoll bouda misses you.
You hit the gnoll bouda.
You kill the gnoll bouda!
The gnoll hits you from afar with a +0 spear.
* * * LOW HITPOINT WARNING * * *
The gnoll hits you from afar with a +0 spear.
* * * LOW HITPOINT WARNING * * *
The gnoll hits you but does no damage. The gnoll misses you.
The gnoll attacks as you move away! The gnoll barely misses you.
The gnoll is no longer moving quickly. x2
The gnoll barely misses you. The gnoll closely misses you.
The gnoll completely misses you.
You hit the gnoll but do no damage. The gnoll barely misses you.
The gnoll completely misses you. The gnoll hits you with a +0 flail.
* * * LOW HITPOINT WARNING * * *
You closely miss the gnoll.
Your attacks no longer feel as feeble.
The gnoll barely misses you.
The gnoll hits you from afar with a +0 spear.
* * * LOW HITPOINT WARNING * * *
The gnoll misses you.
You hit the gnoll.
The gnoll is lightly wounded.
The gnoll is no longer moving quickly.
The gnoll hits you with a +0 spear.
* * * LOW HITPOINT WARNING * * *
The gnoll hits you from afar with a +0 spear.
* * * LOW HITPOINT WARNING * * *
The gnoll misses you.
You are confused.
You feel invigorated. The gnoll hits you with a +0 spear.
* * * LOW HITPOINT WARNING * * *
The gnoll closely misses you. The gnoll hits you with a +0 flail!
* * * LOW HITPOINT WARNING * * *
Unknown command.
You're too confused to move!
The gnoll barely misses you.
The gnoll hits you from afar with a +0 spear!
You die...
Your body disappears without a glow.

..#####..##
###....#######..############
..........#.................
..........##.##....####.....
........<.##..####..........
..........###.## #####......
..........###..##### #......
......)...##g......# ##.....
.........gg@.......# #.....
.......)..##.......####.....
.#######..##................
.∆ ####..#.......###......
##. ##.###.........# #....#.
#.< #..####.###...####....##
#.# #.......?.......###....#
#.# #...............###.....
#.#
#####................##.##.#


You could see 3 gnolls.

Vanquished Creatures
  Sigmund (D:2)
  A black bear (D:4)
  An ogre (D:5)
  A phantom (D:5)
  Blork the orc (D:4)
  A scorpion (D:5)
  2 hounds
  2 jellies
  An orc priest (D:5)
  A gnoll bouda (D:5)
  A sleepcap (D:5)
  An iguana (D:5)
  A gnoll (D:5)
  5 adders
  A worm (D:3)
  9 orcs
  5 endoplasms
  3 goblins
  6 hobgoblins
  2 jackals (D:4)
  4 quokkas
  3 ball pythons
  3 bats
  6 frilled lizards
  6 kobolds
  7 rats
75 creatures vanquished.

Notes
Turn   | Place    | Note
-------+----------+-------------------------------------------
     0 | D:1      | qeuew the Gnoll Monk began the quest for the Orb.
     0 | D:1      | Reached XP level 1. HP: 23/23 MP: 1/1
   308 | D:1      | Found Dituxt's Weapon Emporium.
   678 | D:1      | Reached XP level 2. HP: 27/29 MP: 2/2
   954 | D:2      | Identified a scroll of acquirement
   954 | D:2      | Acquired a manual of Axes
   994 | D:2      | Noticed Sigmund
  1003 | D:2      | Killed Sigmund
  1004 | D:2      | Reached skill level 1 in Short Blades
  1004 | D:2      | Reached skill level 1 in Maces & Flails
  1004 | D:2      | Reached skill level 1 in Polearms
  1004 | D:2      | Reached skill level 1 in Staves
  1004 | D:2      | Reached skill level 1 in Ranged Weapons
  1004 | D:2      | Reached skill level 1 in Throwing
  1004 | D:2      | Reached skill level 1 in Armour
  1004 | D:2      | Reached skill level 1 in Shields
  1004 | D:2      | Reached skill level 1 in Unarmed Combat
  1004 | D:2      | Reached skill level 1 in Spellcasting
  1004 | D:2      | Reached skill level 1 in Conjurations
  1004 | D:2      | Reached skill level 1 in Hexes
  1004 | D:2      | Reached skill level 1 in Summonings
  1004 | D:2      | Reached skill level 1 in Necromancy
  1004 | D:2      | Reached skill level 1 in Translocations
  1004 | D:2      | Reached skill level 1 in Transmutations
  1004 | D:2      | Reached skill level 1 in Fire Magic
  1004 | D:2      | Reached skill level 1 in Ice Magic
  1004 | D:2      | Reached skill level 1 in Air Magic
  1004 | D:2      | Reached skill level 1 in Earth Magic
  1004 | D:2      | Reached skill level 1 in Poison Magic
  1004 | D:2      | Reached skill level 1 in Invocations
  1004 | D:2      | Reached skill level 1 in Evocations
  1004 | D:2      | Reached XP level 3. HP: 26/35 MP: 2/5
  1004 | D:2      | Reached XP level 4. HP: 31/41 MP: 2/6
  1004 | D:2      | Reached XP level 5. HP: 36/47 MP: 2/7
  1895 | D:3      | Found an opulent altar of Gozag.
  2011 | D:3      | Reached XP level 6. HP: 42/53 MP: 8/8
  2784 | D:4      | Noticed Blork the orc
  2802 | D:4      | Killed Blork the orc
  2898 | D:4      | Noticed a +0 hand axe
  2899 | D:4      | Noticed a +0 hand axe
  2901 | D:4      | Found a hide-covered altar of Uskayaw.
  2953 | D:4      | Noticed a black bear
  2982 | D:4      | Killed a black bear
  3151 | D:4      | Found a staircase to the Ecumenical Temple.
  3166 | D:4      | Reached XP level 7. HP: 57/60 MP: 10/10
  3169 | Temple   | Entered the Ecumenical Temple
  3233 | Temple   | Became a worshipper of Nemelex Xobeh the Trickster
  3233 | Temple   | Reached * piety under Nemelex Xobeh
  3233 | Temple   | Received a gift from Nemelex Xobeh
  3233 | Temple   | Reached ** piety under Nemelex Xobeh
  3363 | D:4      | Received a gift from Nemelex Xobeh
  3981 | D:5      | Entered Level 5 of the Dungeon
  3981 | D:5      | Found a basalt altar of Yredelemnul.
  4308 | D:5      | Reached skill level 5 in Stealth
  4885 | D:5      | Reached *** piety under Nemelex Xobeh
  4925 | D:5      | Reached XP level 8. HP: 67/67 MP: 12/12
  4954 | D:5      | HP: 2/67 [gnoll/+0 flail[a gnoll bouda] (8)]
  4955 | D:5      | Slain by a gnoll

Illustrated notes

Levels and vault maps discovered:
D:1:      evilmike_arrival_fibonacci_small, layout_basic, serial_shops,
          nicolae_shop_bloodbath_and_beyond
D:2:      layout_loops_ring, uniq_sigmund
D:3:      layout_basic, mainiacjoe_overflow_24_doors
D:4:      layout_basic, dancing_weapons_uskayaw, minmay_temple_entry_large_hall,
          uniq_blork_the_orc
D:5:      layout_rooms, lemuel_coloured_pillars_altar, yredelemnul_altar_generic
Temple:   nicolae_temple_ecumenical_triangle

Skill      XL: |  1  2  3  4  5  6  7 |
---------------+----------------------+-----
Short Blades   | 1 2 3 |  3.0
Axes           | 2 3 4 |  4.4
Maces & Flails | 1 2 3 |  3.0
Polearms       | 1 2 3 |  3.0
Staves         | 1 2 3 |  3.0
Ranged Weapons | 1 2 3 |  3.0
Throwing       | 1 2 3 |  3.0
Armour         | 1 2 3 |  3.0
Shields        | 1 2 3 |  3.0
Unarmed Combat | 1 2 3 |  3.0
Spellcasting   | 1 2 3 |  3.0
Conjurations   | 1 2 |  2.4
Hexes          | 1 2 |  2.4
Summonings     | 1 2 |  2.4
Necromancy     | 1 2 |  2.4
Translocations | 1 2 |  2.4
Transmutations | 1 2 |  2.4
Fire Magic     | 1 2 |  2.4
Ice Magic      | 1 2 |  2.4
Air Magic      | 1 2 |  2.4
Earth Magic    | 1 2 |  2.4
Poison Magic   | 1 2 |  2.4
Invocations    | 1 2 3 |  3.3
Evocations     | 1 2 3 |  3.0
Fighting       | 7 |  7.2
Long Blades    | 7 |  7.2
Dodging        | 7 |  7.2
Stealth        | 5 |  5.2

Action                     |  1- 3 |  4- 6 |  7- 9 || total
---------------------------+-------+-------+-------++-------
  Melee: Falchion          |    24 |   158 |   126 ||   308
         Bite              |     2 |    20 |    13 ||    35
         Punch             |       |     4 |     5 ||     9
    Use: Scroll            |     5 |     2 |     2 ||     9
         Potion            |     3 |       |     1 ||     4
   Stab: Sleeping          |     4 |    11 |     6 ||    21
 Armour: Robe              |     2 |    11 |       ||    13
         Ring mail         |       |    23 |    27 ||    50
  Dodge: Dodged            |     9 |    91 |    89 ||   189

Table legend: (Time is in decaauts)
 A = Elapsed time spent in this place.
 B = Non-inter-level travel time spent in this place.
 C = Inter-level travel time spent in this place.
 D = Time resting spent in this place.
 E = Time spent auto-exploring this place.
 F = Levels seen in this place.
 G = Mean time per level.
                   A        B        C        D        E       F      G
               +--------+--------+--------+--------+--------+-----+--------+
         Total |   4926 |   4744 |    182 |      0 |   4029 |   6 |  821.0 |
       Dungeon |   4853 |   4679 |    174 |      0 |   3990 |   5 |  970.6 |
        Temple |     73 |     65 |      8 |      0 |     39 |   1 |   73.0 |
               +--------+--------+--------+--------+--------+-----+--------+

Top non-repeatable levels by time:
     D:4: 1168 daAuts
     D:3: 1046 daAuts
     D:5: 967 daAuts
     D:1: 937 daAuts
     D:2: 732 daAuts
  Temple: 73 daAuts
